 Dungeon Crawl Stone Soup version 0.30-a0-965-g42e074c17a (webtiles) character file.

Game seed: 9669491148089103470

667 xian the Magician (level 7, -2/48 HPs)
             Began as a Demonspawn Earth Elementalist on Mar 30, 2023.
             Was an Initiate of Vehumet.
             Slain by Dowan
             ... wielding a +0 dagger
              (5 damage)
             ... on level 5 of the Dungeon.
             The game lasted 00:09:50 (4058 turns).

xian the Magician (Demonspawn Earth Elementalist)   Turns: 4058, Time: 00:09:51

Health: -2/48      AC:  8    Str:  8    XL:     7   Next: 31%
Magic:  6/14       EV: 12    Int: 18    God:    Vehumet [......]
Gold:   192        SH:  0    Dex: 14    Spells: 10/16 levels left

rFire   + . .      SeeInvis .    i - +1 dagger (venom)
rCold   x . .      Faith    .    (no shield)
rNeg    . . .      Spirit   .    a - +0 robe
rPois   .          Reflect  .    x - +0 helmet
rElec   .          Rampage  .    m - +0 cloak
rCorr   .                        (no gloves)
Will    .....                    A - +1 pair of boots
Stlth   ++                       (no amulet)
HPRegen 0.28/turn                e - ring of fire
MPRegen 0.14/turn                (no ring)

@: no status effects
A: yellow scales 1, powered by death 2
a: Renounce Religion


You were on level 5 of the Dungeon.
You worshipped Vehumet.
Vehumet was noncommittal.
You visited 2 branches of the dungeon, and saw 6 of its levels.

You collected 223 gold pieces.
You spent 31 gold pieces at shops.

Inventory:

Hand Weapons
 i - a +1 dagger of venom (weapon)
Armour
 a - a +0 robe (worn)
 m - a +0 cloak (worn)
 x - a +0 helmet (worn)
 A - a +1 pair of boots (worn)
Jewellery
 e - a ring of fire (left hand)
Wands
 q - a wand of iceblast (6)
Scrolls
 f - a scroll of identify {unknown}
 l - a scroll of amnesia {unknown}
 o - a scroll of poison
 p - a scroll of teleportation {unknown}
 r - a scroll of acquirement {unknown}
 w - a scroll of noise {unknown}
 y - 2 scrolls of blinking {unknown}
Potions
 b - a potion of magic
 c - 4 potions of lignification {unknown}
 d - a potion of heal wounds {unknown}
 g - a potion of resistance {unknown}
 h - a potion of ambrosia {unknown}
 j - 2 potions of curing
 k - 2 potions of mutation {unknown}
 n - 2 potions of degeneration {unknown}
 s - a potion of brilliance {unknown}
 t - a potion of attraction {unknown}
 v - a potion of haste {unknown}
 z - a potion of flight {unknown}


   Skills:
 + Level 1.1 Fighting
 + Level 0.3 Short Blades
 + Level 2.7 Dodging
 + Level 2.5 Stealth
 + Level 5.1 Spellcasting
 + Level 0.8 Conjurations
 + Level 0.8 Transmutations
 + Level 5.0 Earth Magic


You had 10 spell levels left.
You knew the following spells:

 Your Spells              Type           Power      Damage    Failure   Level
a - Sandblast             Erth           46%        2d11      1%          1
b - Passwall              Tmut/Erth      12%        N/A       6%          2
c - Stone Arrow           Conj/Erth      30%        3d8       12%         3

Your spell library contained the following spells:

 Spells                   Type           Power      Damage    Failure   Level
 Apportation              Tloc           8%         N/A       13%         1
 Necrotise                Necr           16%        1d4       13%         1
 Summon Small Mammal      Summ           16%        N/A       13%         1
 Blink                    Tloc           8%         N/A       21%         2
 Gell's Gravitas          Tloc           4%         N/A       36%         3
 Teleport Other           Tloc           4%         N/A       36%         3
 Petrify                  Tmut/Erth      15%        N/A       36%         4
 Manifold Assault         Tloc           4%         N/A       78%         4
 Dispersal                Tloc           2%         N/A       100%        6
 Storm Form               Tmut/Air       3%         N/A       100%        7


Dungeon Overview and Level Annotations

Branches:
Dungeon (5/15)             Temple (1/1) D:4

Altars:
Ashenzari
Cheibriados
Fedhas
Gozag
Hepliaklqana
Okawaru
Qazlal
Trog
Vehumet
Wu Jian
Yredelemnul

Shops:
D:1 *

Annotations:
D:4 1 runed translucent door
D:5 Dowan


Innate Abilities, Weirdness & Mutations

You are partially covered in yellow scales. (AC +2)
You regenerate health from kills.


Message History

Unknown command.
Casting: Stone Arrow (dangerous; 12% risk of failure)
Confirm with . or Enter, or press ? or * to list all spells.
Okay, then.
You are too injured to fight recklessly!
Aiming: Sandblast (safe; 1% risk of failure)
Press: ? - help, Q - select action, (/) - cycle Shift-Dir - straight line, f/p - iguana
Aim: an iguana (translocational energy, heavily wounded, 85% to hit)
The blast of sand misses the iguana.
The iguana bites you but does no damage.
Unknown command.
Aiming: Sandblast (safe; 1% risk of failure)
Press: ? - help, Q - select action, (/) - cycle Shift-Dir - straight line, f/p - iguana
Aim: an iguana (heavily wounded, 85% to hit)
The blast of sand hits the iguana!
You kill the iguana!
Vehumet accepts your kill.
Unknown command.
You see here a scorpion corpse.
Dowan casts a spell.
Dowan blinks!
Dowan gestures wildly while chanting.
Dowan blinks!
Dowan gestures wildly while chanting.
Dowan blinks!
There is an open door here.
Dowan casts a spell.
Dowan blinks!
You open the door. Dowan gestures at you while chanting.
The stone arrow hits you!
* * * LOW HITPOINT WARNING * * *
There is an open door here.
Dowan casts a spell at you. The stone arrow misses you.
Dowan attacks as you move away! Dowan closely misses you.
Dowan attacks as you move away! Dowan hits you with a +0 dagger.
* * * LOW HITPOINT WARNING * * *
Dowan hits you with a +0 dagger.
You die...

#.....#..<'..#
#.....'...#..#
#...###..###.#
###...########.#######
#............'.......#
#....).......#.......#
#............#.......#
#............#..e....#
#.....@e.....#.).....#
######..##..)###.###..##
#..####'##...###.###..###
#........#....#.........#
#...†.)..+....#.........#
##....<...#....#.........'
#....##.###...###.##.##..#
####.##.###...#### #######
#.............#


You could see Dowan (fast).

Vanquished Creatures
  Duvessa (D:5)
  A centaur (D:5)
  Blork the orc (D:4)
  A scorpion (D:5)
  A jelly (D:4)
  A human skeleton (D:4)
  Ijyb (D:3)
  Terence (D:3)
  Natasha (twice) (D:3)
  2 iguanas
  3 gnolls (D:4)
  4 adders
  An ufetubus (D:4)
  2 worms (D:2)
  2 dart slugs
  8 endoplasms
  2 giant cockroaches (D:1)
  7 goblins
  6 hobgoblins
  8 jackals (D:4)
  2 quokkas (D:4)
  9 ball pythons
  6 bats
  A frilled lizard (D:2)
  7 kobolds
  A kobold zombie (D:4)
  3 rats
84 creatures vanquished.

Vanquished Creatures (others)
  A fungus (D:4)
1 creature vanquished.

Grand Total: 85 creatures vanquished

Notes
Turn   | Place    | Note
-------+----------+-------------------------------------------
     0 | D:1      | xian the Demonspawn Earth Elementalist began the quest for
                  | the Orb.
     0 | D:1      | Reached XP level 1. HP: 13/13 MP: 3/3
   121 | D:1      | Gained mutation: You regenerate a little health from kills.
                  | [demonic ancestry]
   121 | D:1      | Reached XP level 2. HP: 20/20 MP: 0/5
   124 | D:1      | Learned a level 2 spell: Passwall
   443 | D:1      | Found Bireptas's Assorted Antiques.
   529 | D:1      | Bought a scroll labelled CEARGH QUMUUXANAUC for 31 gold
                  | pieces
   612 | D:1      | Reached XP level 3. HP: 25/25 MP: 4/6
   616 | D:1      | Learned a level 3 spell: Stone Arrow
  1185 | D:2      | Reached XP level 4. HP: 31/31 MP: 5/8
  1286 | D:2      | Found an iron altar of Okawaru.
  1375 | D:2      | Found a faded altar of an unknown god.
  1869 | D:3      | Noticed Natasha
  1873 | D:3      | Killed Natasha
  1947 | D:3      | You fall into a shaft and drop 1 floor!
  1990 | D:4      | Found a runed translucent door.
  1990 | D:4      | Noticed a human
  1997 | D:4      | Found a basalt altar of Yredelemnul.
  2055 | D:3      | Reached XP level 5. HP: 36/36 MP: 8/10
  2093 | D:3      | Noticed Ijyb
  2104 | D:3      | Killed Ijyb
  2198 | D:3      | Noticed Terence
  2198 | D:3      | Noticed Natasha
  2205 | D:3      | Killed Terence
  2211 | D:3      | Killed Natasha
  2971 | D:4      | Found a hazy altar of Hepliaklqana.
  3056 | D:4      | Noticed Blork the orc
  3069 | D:4      | Killed Blork the orc
  3070 | D:4      | Gained mutation: You are partially covered in yellow
                  | scales. (AC +2) [demonic ancestry]
  3070 | D:4      | Reached XP level 6. HP: 41/42 MP: 9/12
  3115 | D:4      | Found a staircase to the Ecumenical Temple.
  3132 | Temple   | Entered the Ecumenical Temple
  3328 | Temple   | Became a worshipper of Vehumet
  3746 | D:5      | Entered Level 5 of the Dungeon
  3867 | D:5      | Gained mutation: You regenerate health from kills. [demonic
                  | ancestry]
  3867 | D:5      | Reached XP level 7. HP: 14/47 MP: 0/14
  3991 | D:5      | Noticed Duvessa
  3991 | D:5      | Noticed Dowan
  3995 | D:5      | Killed Duvessa
  3996 | D:5      | Reached skill level 1 in Fighting
  3996 | D:5      | Reached skill level 5 in Spellcasting
  3996 | D:5      | Reached skill level 5 in Earth Magic
  4058 | D:5      | Slain by Dowan

Illustrated notes

Levels and vault maps discovered:
D:1:      spicycebolla_arrival_clurvy, layout_rooms, serial_shops, shop
D:2:      layout_loops_ring, ebering_ecumenical_altar_ruins, basic_altar
D:3:      layout_loops_ring, elyvilon_altar_5, uniq_terence, uniq_ijyb,
          uniq_natasha
D:4:      layout_basic, mainiacjoe_overflow_cross_hatched,
          dk_yredelemnul_ordeal, temple_green, uniq_blork_the_orc
D:5:      layout_gridville, nicolae_ru_awakened_eye,
          kennysheep_okawaru_gauntlet, uniq_duvessa
Temple:   dpeg_chambers_temple

Skill      XL: |  1  2  3  4  5  6  7 |
---------------+----------------------+-----
Dodging        | 2 |  2.7
Earth Magic    | 3 4 5 |  5.0
Spellcasting   | 3 4 5 |  5.1
Stealth        | 2 |  2.5
Fighting       | 1 |  1.1
Short Blades   | |  0.3
Conjurations   | |  0.8
Transmutations | |  0.8

Action                     |  1- 3 |  4- 6 |  7- 9 || total
---------------------------+-------+-------+-------++-------
  Melee: Unarmed           |     8 |       |       ||     8
         Club              |     5 |       |       ||     5
         Dagger            |       |    29 |     7 ||    36
   Cast: Sandblast         |    55 |    65 |     2 ||   122
         Stone Arrow       |       |     9 |     4 ||    13
    Use: Scroll            |       |       |     1 ||     1
   Stab: Sleeping          |       |     1 |       ||     1
 Armour: Robe              |     6 |    48 |     2 ||    56
  Dodge: Dodged            |    21 |    99 |     8 ||   128

Table legend: (Time is in decaauts)
 A = Elapsed time spent in this place.
 B = Non-inter-level travel time spent in this place.
 C = Inter-level travel time spent in this place.
 D = Time resting spent in this place.
 E = Time spent auto-exploring this place.
 F = Levels seen in this place.
 G = Mean time per level.
                   A        B        C        D        E       F      G
               +--------+--------+--------+--------+--------+-----+--------+
         Total |   4117 |   3913 |    204 |      0 |   3159 |   6 |  686.2 |
       Dungeon |   3908 |   3717 |    191 |      0 |   2978 |   5 |  781.6 |
        Temple |    209 |    196 |     13 |      0 |    181 |   1 |  209.0 |
               +--------+--------+--------+--------+--------+-----+--------+

Top non-repeatable levels by time:
     D:3: 984 daAuts
     D:2: 978 daAuts
     D:4: 878 daAuts
     D:1: 752 daAuts
     D:5: 314 daAuts
  Temple: 209 daAuts
